Map: Reclamation LE

Players

Lambo - Winner!

  • Race: Zerg Zerg
  • Spawn Location: 11:00

Deend

  • Race: Protoss Protoss
  • Spawn Location: 5:00

ShoWTimE - Winner!

  • Race: Protoss Protoss
  • Spawn Location: 12:00

ItsADunDeal

  • Race: Terran Terran
  • Spawn Location: 6:00

VOD

Have the link to the VOD?

Description

Time

  • Played on: May 3, 2026, 9:57 a.m.
  • Length: 7:56
Show
View Real Time Build Order
Export as new Build Order

Lambo Zerg - Winner!

Build Orders: Hatch First 

Get SALT Encoding   

  12  0:00  Drone  
  13  0:08  Drone  
  14  0:14  Extractor  
  14  0:15  Drone  
  15  0:22  Overlord  
  15  0:42  Drone  
  16  0:46  Hatchery  
  16  0:49  Drone  
  16  0:52  Drone  
  16  0:56  Drone  
  18  1:06  Extractor  
  17  1:12  Spawning Pool  
  17  1:16  Drone  
  17  1:18  Drone  
  18  1:27  Drone  
  19  1:38  Drone  
  20  1:48  Drone  
  21  1:59  Queen x2  
  21  2:00  Zergling x2  
  26  2:01  Overlord  
  26  2:09  Drone x2  
  26  2:12  Metabolic Boost  
  28  2:21  Drone  
  28  2:22  Drone  
  30  2:34  Hatchery  
  30  2:35  Drone  
  30  2:37  Drone  
  30  2:44  Drone  
  32  2:47  Overlord  
  32  2:52  Zergling x4  
  32  2:56  Queen  
  36  3:08  Drone x4, Zergling x4  
  36  3:11  Overlord  
  42  3:14  Zergling x2  
  42  3:16  Drone  
  44  3:32  Drone x3  
  47  3:40  Drone x5  
  52  3:46  Drone x4  
  54  3:52  Overlord  
  54  3:54  Drone  
  55  3:57  Overlord  
  55  4:04  Hatchery  
  55  4:05  Drone x2  
  55  4:07  Roach Warren  
  55  4:08  Extractor  
  55  4:09  Drone  
  55  4:12  Drone  
  55  4:13  Extractor  
  55  4:17  Drone  
  56  4:20  Drone x3  
  56  4:21  Drone x3  
  56  4:22  Drone  
  63  4:27  Overlord  
  63  4:29  Drone x2  
  65  4:31  Evolution Chamber  
  65  4:38  Extractor  
  63  4:45  Drone x3  
  66  4:47  Lair  
  66  4:48  Drone x4  
  66  4:50  Drone  
  66  4:52  Overlord  
  71  4:54  Extractor  
  71  4:57  Zerg Missile Weapons Level 1  
  71  4:58  Roach x3  
  71  4:59  Drone x3  
  79  5:00  Overlord  
  79  5:07  Extractor  
  79  5:10  Overlord  
  79  5:12  Roach x2  
  83  5:16  Drone x3  
  83  5:18  Drone  
  83  5:19  Unknown  
  83  5:20  Roach x6  
  98  5:22  Overlord  
  98  5:29  Roach x3  
  98  5:32  Overlord  
  104  5:36  Queen  
  104  5:38  Roach x2  
  104  5:41  Overlord  
  110  5:43  Ravager x3  
  110  5:45  Roach x2  
  110  5:47  Roach  
  118  5:51  Roach x2  
  118  5:53  Roach x2  
  126  5:57  Overlord x2  
  126  5:58  Ravager  
  127  6:09  Roach x4  
  135  6:12  Overlord  
  135  6:14  Overlord  
  135  6:17  Overlord  
  135  6:20  Roach x4  
  135  6:22  Ravager  
  135  6:23  Glial Reconstitution  
  135  6:24  Overlord  
  144  6:25  Overlord  
  144  6:28  Overlord  
  144  6:30  Overlord  
  144  6:32  Roach x2  
  148  6:38  Roach x3  
  141  6:42  Roach x3  
  141  6:46  Ravager  
  142  6:47  Ravager  
  142  6:49  Roach  
  142  6:50  Roach x2  
  147  6:57  Roach x5  
  147  7:00  Ravager  
  140  7:02  Roach x3  
  140  7:06  Roach x2  
  140  7:07  Ravager  
  140  7:08  Ravager  
  152  7:09  Roach  
  152  7:14  Roach x3  
  160  7:17  Roach x3  
  166  7:24  Roach x3  
  166  7:25  Ravager  
  166  7:27  Roach  
  166  7:28  Roach x2  
Show
View Real Time Build Order
Export as new Build Order

Deend Protoss 

Build Orders: 1 Gate Expand 

Get SALT Encoding   

  12  0:01  Probe  
  13  0:13  Probe  
  14  0:25  Probe  
  14  0:27  Pylon  
  15  0:45  Probe  
  15  0:48  Gateway  
  16  0:52  Assimilator  
  16  0:57  Probe  
  17  1:09  Probe  
  18  1:21  Probe  
  19  1:33  Probe  
  19  1:38  Cybernetics Core  
  20  1:43  Nexus  
  20  1:51  Probe  
  21  1:55  Assimilator  
  21  2:00  Pylon  
  21  2:14  Gateway  
  21  2:16  Stalker  
  21  2:21  Warp Gate  
  23  2:29  Probe  
  24  2:43  Twilight Council  
  24  2:47  Robotics Facility  
  24  2:54  Stalker  
  26  2:59  Probe  
  26  3:02  Probe  
  28  3:09  Stalker  
  30  3:16  Probe  
  30  3:17  Probe  
  32  3:28  Probe  
  32  3:29  Probe  
  34  3:40  Probe  
  35  3:41  Probe  
  35  3:42  Charge  
  35  3:47  Stalker x2  
  36  3:56  Probe x2  
  36  3:58  Shield Battery  
  38  4:04  Probe x2  
  40  4:10  Pylon  
  40  4:12  Probe x2  
  42  4:24  Probe x2  
  42  4:25  Gateway  
  44  4:33  Gateway  
  44  4:39  Gateway  
  44  4:42  Gateway  
  44  4:46  Gateway  
  44  4:50  Gateway  
  44  4:57  Warp Prism  
  44  4:59  Zealot x2  
  50  5:11  Pylon  
  50  5:15  Pylon  
  50  5:18  Pylon  
  50  5:24  Pylon  
  50  5:27  Zealot  
  50  5:28  Zealot  
  54  5:35  Zealot  
  54  5:36  Zealot x2  
  54  5:40  Zealot  
  62  5:47  Zealot x2  
  62  6:14  Zealot x2  
  62  6:15  Zealot x6  
  78  6:30  Pylon  
  78  6:34  Pylon  
  78  6:35  Pylon  
  78  6:36  Zealot  
  78  6:37  Zealot x4  
  50  6:50  Zealot x3  
  46  7:00  Zealot x4  
  48  7:08  Zealot x4  
  42  7:11  Zealot x2  
  42  7:13  Zealot  
  52  7:21  Zealot  
  54  7:27  Forge  
  54  7:30  Dark Shrine  
  54  7:35  Observer  
  55  7:38  Templar Archives, Zealot  
  57  7:47  Zealot x3  
  57  7:50  Zealot  
Show
View Real Time Build Order
Export as new Build Order

ShoWTimE Protoss - Winner!

Build Orders: Phoenix Opening, Blink Stalkers 

Get SALT Encoding   

  12  0:00  Probe  
  13  0:12  Probe  
  14  0:17  Pylon  
  14  0:24  Probe  
  15  0:32  Probe  
  15  0:36  Gateway  
  15  0:40  Probe  
  16  0:46  Assimilator  
  17  0:51  Probe  
  18  1:00  Probe  
  19  1:04  Assimilator  
  19  1:08  Probe, Gateway  
  19  1:17  Probe  
  20  1:25  Cybernetics Core  
  21  1:29  Probe  
  22  1:35  Pylon  
  22  1:41  Probe  
  23  1:58  Probe, Stalker x2  
  26  2:01  Warp Gate  
  28  2:15  Pylon  
  32  2:40  Nexus  
  32  2:43  Probe  
  32  2:44  Stalker  
  29  2:47  Sentry  
  33  2:55  Probe  
  34  3:01  Twilight Council  
  34  3:07  Probe  
  34  3:11  Blink  
  34  3:12  Pylon  
  35  3:15  Probe  
  36  3:23  Probe  
  36  3:25  Phoenix  
  36  3:33  Probe  
  38  3:45  Probe  
  39  3:49  Probe  
  40  3:57  Probe x2  
  40  4:01  Stalker x2  
  46  4:07  Probe  
  46  4:09  Probe  
  48  4:16  Pylon  
  48  4:19  Probe  
  48  4:21  Probe  
  48  4:23  Robotics Facility  
  50  4:31  Probe, Assimilator  
  51  4:34  Probe  
  52  4:40  Gateway x2, Stalker  
  52  4:43  Probe  
  52  4:44  Stalker  
  57  4:47  Probe  
  58  4:59  Phoenix  
  58  5:00  Pylon  
  58  5:05  Nexus  
  58  5:10  Observer  
  58  5:11  Probe x2  
  61  5:18  Stalker x2  
  61  5:19  Charge  
  65  5:23  Probe  
  65  5:24  Probe, Pylon  
  65  5:28  Observer  
  68  5:35  Stalker  
  70  5:36  Probe x2  
  70  5:38  Stalker  
  74  5:48  Probe  
  74  5:49  Shield Battery  
  75  5:51  Shield Battery  
  75  5:58  Stalker x3  
  81  6:06  Probe  
  82  6:11  Probe  
  82  6:12  Gateway  
  82  6:13  Gateway  
  83  6:18  Stalker  
  83  6:19  Probe x2  
  83  6:24  Zealot x2  
  91  6:27  Zealot  
  93  6:33  Probe x2  
  93  6:34  Pylon  
  95  6:46  Stalker x3  
  93  6:51  Probe  
  86  6:58  Zealot  
  80  7:02  Probe  
  80  7:03  Gateway  
  80  7:04  Gateway  
  80  7:08  Probe x2  
  83  7:13  Stalker x5  
  93  7:17  Warp Prism  
  93  7:20  Probe, Assimilator  
  93  7:21  Zealot  
  96  7:24  Probe x2, Forge  
  98  7:40  Zealot x5  
  108  7:55  Pylon  
Show
View Real Time Build Order
Export as new Build Order

ItsADunDeal Terran 

Build Orders: Reaper Expand 

Get SALT Encoding   

  12  0:00  SCV  
  13  0:12  SCV  
  14  0:23  Supply Depot  
  14  0:24  SCV  
  15  0:44  SCV  
  15  0:46  Barracks  
  15  0:48  Refinery  
  16  0:58  SCV  
  17  1:10  SCV  
  18  1:22  SCV  
  19  1:34  Orbital Command  
  19  1:40  Reaper  
  19  1:46  Command Center  
  20  1:59  Supply Depot  
  20  2:01  SCV  
  21  2:12  Barracks Reactor  
  21  2:18  Marine  
  21  2:21  Factory  
  22  2:24  Refinery  
  22  2:30  Barracks  
  22  2:38  Barracks Reactor  
  22  2:45  Barracks  
  22  2:50  Engineering Bay  
  22  2:54  SCV  
  23  3:06  Factory Tech Lab  
  22  3:13  Orbital Command  
  22  3:17  Marine x2  
  24  3:28  Barracks Tech Lab  
  24  3:32  SCV  
  24  3:33  Barracks Tech Lab  
  25  3:35  Marine  
  25  3:38  Marine  
  27  3:49  Marine  
  27  3:51  Siege Tank  
  27  3:53  Marine  
  32  4:01  SCV  
  32  4:02  SCV  
  34  4:03  Supply Depot  
  34  4:07  Stimpack  
  34  4:11  Combat Shield  
  34  4:13  SCV  
  34  4:17  SCV  
  36  4:20  Marine  
  37  4:25  SCV  
  37  4:26  Reaper  
  37  4:30  SCV  
  40  4:31  Marine  
  40  4:33  Siege Tank  
  40  4:36  Marine  
  40  4:37  SCV  
  40  4:38  Marine  
  47  4:42  SCV  
  48  4:49  Terran Infantry Weapons Level 1, Marine, SCV  
  50  4:54  Marine  
  50  4:56  Supply Depot  
  50  4:57  Supply Depot  
  50  4:58  Marine  
  50  4:59  Marine  
  53  5:07  Marine  
  54  5:17  Marine x2, Siege Tank  
  54  5:19  Supply Depot  
  59  5:22  Supply Depot, Marine  
  59  5:25  Marine  
  59  5:26  SCV x2  
  63  5:35  Marine  
  64  5:46  Marine x3  
  67  5:53  Marine  
  67  6:01  Siege Tank  
  70  6:04  Marine x3  
  70  6:10  Marine  
  74  6:22  Marine x3  
  74  6:24  Command Center  
  77  6:33  Siege Tank  
  77  6:38  Marine  
  79  6:40  Marine x2  
  79  6:53  Marine  
  73  6:56  Marine  
  73  6:57  Marine  
  73  6:59  Marine  
  55  7:05  Siege Tank  
  52  7:11  Marine  
  52  7:14  Marine  
  54  7:20  Barracks  
  54  7:21  Starport  
  54  7:22  Barracks  
  54  7:23  Factory  
  54  7:24  SCV x2  
  56  7:36  SCV  
Tags
 
Add a new tag
Caveats
  • Supply blocks, unpowered buildings, or Contaminate may cause inaccurate times.
  • Supply counts are checked every 10 seconds.